Map: [ESL] Ancient Cistern

Players

Cow (PiG)

  • Race: Terran Terran
  • League: Grandmaster
  • Spawn Location: 1:00

PastelBlack - Winner!

  • Race: Protoss Protoss
  • League: Platinum
  • Spawn Location: 7:00

VOD

https://www.youtube.com/playlist?list=PLOrKQEirgvjBrkg_LERyoNc_WYX2C2tgI

Description

Time

  • Played on: July 18, 2023, 9:24 p.m.
  • Length: 12:10
Show
View Real Time Build Order
Export as new Build Order

Cow Terran 

Build Orders:  

Get SALT Encoding   

  12  0:03  SCV  
  13  0:15  SCV  
  13  0:18  Supply Depot  
  14  0:27  SCV  
  15  0:40  SCV  
  16  0:42  Barracks  
  16  0:47  Refinery  
  16  0:52  SCV  
  17  1:04  SCV  
  18  1:16  SCV  
  19  1:30  Barracks Reactor  
  19  1:31  Orbital Command  
  19  1:44  Command Center  
  19  1:57  Supply Depot, SCV  
  20  2:08  Marine x2  
  22  2:09  SCV  
  23  2:18  Factory  
  23  2:23  SCV  
  23  2:26  Marine  
  23  2:27  Marine  
  26  2:35  SCV  
  26  2:37  Bunker  
  27  2:40  Refinery  
  27  2:46  Marine x2  
  27  2:47  SCV  
  30  2:58  Orbital Command  
  30  3:00  SCV  
  30  3:02  Factory Tech Lab  
  31  3:09  Starport  
  31  3:12  SCV  
  32  3:20  Marine x2  
  32  3:24  SCV  
  32  3:25  SCV  
  36  3:36  SCV  
  36  3:37  SCV  
  36  3:38  Marine, Siege Tank  
  42  3:45  Supply Depot  
  42  3:46  Supply Depot  
  42  3:56  SCV x2  
  44  4:08  Marine, SCV x2  
  44  4:09  Marine  
  48  4:10  Siege Tank  
  48  4:11  Starport Reactor  
  48  4:16  Supply Depot  
  51  4:19  Supply Depot  
  51  4:20  SCV  
  52  4:25  SCV  
  52  4:29  Marine x2  
  55  4:32  SCV  
  55  4:37  SCV  
  57  4:42  Barracks  
  57  4:43  Barracks  
  57  4:44  Barracks, SCV  
  58  4:46  Barracks  
  58  4:49  SCV  
  58  4:51  Supply Depot  
  59  5:00  SCV  
  59  5:02  SCV  
  59  5:03  Marine x2  
  59  5:05  Siege Tank  
  66  5:08  Medivac  
  66  5:10  Medivac  
  66  5:12  SCV  
  66  5:14  SCV  
  72  5:20  Engineering Bay  
  72  5:22  Refinery  
  72  5:24  Refinery, SCV  
  73  5:40  Marine x2  
  73  5:42  Siege Tank  
  79  5:46  Barracks Tech Lab  
  81  5:53  Barracks Tech Lab  
  81  5:55  Barracks Reactor x2  
  78  6:03  Terran Infantry Weapons Level 1  
  78  6:08  Marine x2, Marauder  
  82  6:12  Supply Depot x2  
  82  6:19  Stimpack, Combat Shield  
  82  6:36  Marine x2, Marauder, Supply Depot x2  
  82  6:37  Marauder, Marine x4  
  82  6:38  Siege Tank  
  95  6:54  Marine x2  
  95  6:58  Marauder  
  95  7:00  Supply Depot  
  99  7:05  Supply Depot  
  99  7:10  Siege Tank  
  102  7:20  Marauder x2, Marine x2  
  102  7:21  Marine x4  
  112  7:23  Medivac  
  112  7:24  Supply Depot  
  112  7:25  Medivac  
  112  7:29  Supply Depot  
  116  7:38  Concussive Shells, Marine x6  
  116  7:41  Marine  
  116  7:42  Marauder  
  125  7:53  Siege Tank  
  125  7:55  Medivac  
  125  7:56  Marine x6  
  136  7:59  Marine  
  136  8:02  Marine  
  138  8:06  Supply Depot  
  138  8:08  Supply Depot  
  138  8:10  Terran Infantry Armor Level 1  
  138  8:14  Marine x5  
  138  8:17  Marauder  
  145  8:21  Marauder  
  145  8:25  Siege Tank  
  150  8:29  Supply Depot  
  150  8:32  Supply Depot  
  150  8:39  Marauder  
  150  8:57  Marauder  
  150  8:58  Marine x6  
  150  8:59  Siege Tank  
  150  9:00  Marauder  
  150  9:01  Medivac  
  161  9:15  Marine  
  161  9:16  Marine x5  
  139  9:18  Marauder  
  139  9:22  Marauder  
  112  9:37  Marine x6  
  118  9:40  Marauder  
  118  9:43  Marauder  
  118  9:44  Siege Tank  
  125  9:54  Marine  
  125  9:55  Marine x3  
  125  9:59  Marine x2  
  131  10:01  Marauder  
  131  10:04  Marauder  
  135  10:12  Marine  
  136  10:22  Marauder  
  136  10:26  Marauder  
  136  11:00  Marauder x2, Marine x3  
  136  11:01  Marine x3  
  136  11:02  Medivac x2, Siege Tank  
  145  11:34  Siege Tank  
  146  11:49  Marine x6  
Show
View Real Time Build Order
Export as new Build Order

PastelBlack Protoss - Winner!

Build Orders: 1 Gate Expand, Double Forge, Archon Immortal 

Get SALT Encoding   

  12  0:00  Probe  
  13  0:12  Probe  
  14  0:17  Pylon  
  14  0:24  Probe  
  15  0:36  Gateway  
  15  0:38  Probe  
  16  0:45  Assimilator  
  16  0:50  Probe  
  17  1:02  Probe  
  18  1:14  Probe  
  19  1:26  Probe  
  19  1:29  Nexus  
  20  1:37  Cybernetics Core  
  20  1:43  Probe  
  21  1:47  Assimilator  
  21  1:52  Pylon  
  21  1:55  Probe  
  22  2:11  Probe  
  22  2:15  Stalker  
  25  2:17  Warp Gate  
  25  2:24  Probe  
  25  2:27  Gateway  
  26  2:32  Robotics Facility  
  26  2:36  Probe  
  27  2:45  Probe  
  27  2:48  Stalker, Probe  
  31  2:57  Probe  
  32  3:00  Probe  
  33  3:09  Probe  
  33  3:12  Probe  
  35  3:21  Probe  
  35  3:24  Probe  
  37  3:28  Nexus  
  37  3:31  Pylon  
  37  3:34  Probe  
  37  3:36  Probe  
  37  3:39  Observer  
  37  3:41  Stalker  
  42  3:46  Probe  
  43  3:48  Assimilator  
  43  3:50  Assimilator  
  43  3:54  Probe  
  44  3:58  Probe  
  45  4:08  Pylon  
  45  4:11  Pylon  
  45  4:14  Probe x2  
  47  4:18  Immortal  
  51  4:26  Probe x2  
  53  4:38  Probe x2  
  53  4:40  Probe  
  53  4:44  Stalker x2  
  60  4:50  Probe x2  
  62  4:53  Forge x2, Probe  
  62  4:58  Twilight Council  
  63  5:03  Probe x2  
  63  5:05  Probe  
  66  5:18  Pylon  
  66  5:22  Pylon  
  66  5:27  Pylon  
  66  5:28  Protoss Ground Weapons Level 1 (Chrono Boost)  
  66  5:30  Protoss Ground Armor Level 1 (Chrono Boost), Gateway  
  66  5:31  Gateway  
  66  5:34  Gateway  
  66  5:40  Probe x2  
  66  5:41  Probe  
  69  5:46  Warp Prism  
  71  5:52  Charge (Chrono Boost)  
  71  6:02  Gateway  
  71  6:03  Gateway x2  
  71  6:12  Gateway  
  71  6:16  Pylon x2  
  71  6:18  Pylon  
  71  6:20  Pylon, Probe x3  
  71  6:21  Pylon  
  74  6:34  Templar Archives  
  74  6:42  Zealot x5  
  84  6:54  Immortal  
  88  7:02  Gateway  
  88  7:05  Gateway x2  
  88  7:07  Gateway  
  88  7:16  High Templar x6  
  88  7:17  High Templar x3  
  88  7:22  Archon  
  106  7:28  Archon x3  
  106  7:33  Immortal  
  110  7:37  Protoss Ground Weapons Level 2 (Chrono Boost)  
  110  7:47  Protoss Ground Armor Level 2 (Chrono Boost)  
  110  7:59  Assimilator x2  
  110  8:00  Probe x3  
  113  8:12  Probe x3  
  116  8:15  High Templar  
  116  8:19  High Templar  
  120  8:24  Zealot x3  
  120  8:25  Zealot x4  
  133  8:52  Zealot x6  
  133  8:53  Zealot x2  
  133  9:16  Zealot x5  
  133  9:17  Zealot x5  
  103  9:30  Immortal  
  101  9:42  High Templar x2  
  101  9:43  High Templar x6  
  117  9:47  Archon x2  
  117  9:48  Archon x2  
  117  9:57  Zealot x5  
  127  10:19  Zealot x2  
  127  10:20  Zealot x9  
  149  10:27  Pylon  
  149  10:29  Pylon  
  149  10:31  Pylon  
  149  10:33  Pylon x2  
  125  11:02  High Templar x5  
  125  11:03  High Templar x3  
  131  11:05  Zealot x5  
  131  11:08  Archon x4  
  124  11:43  Zealot x5  
  124  11:44  Zealot x8  
  124  12:06  Zealot x7  
  124  12:07  Zealot x6  
Tags
 
Add a new tag
Caveats
  • Supply blocks, unpowered buildings, or Contaminate may cause inaccurate times.
  • Supply counts are checked every 10 seconds.